 Dungeon Crawl Stone Soup version 0.27.1-37-g7b29ead8ac (console) character file.

Game seed: 15244970077200647803

351013 grimtooth the Slayer (level 22, -2/254 HPs)
             Began as an Ogre Berserker on Nov 4, 2023.
             Was a High Priest of Trog.
             Slain by grimtooth's illusion (illusionary) (3 damage)
             ... woven by Mara
             ... on level 2 of the Crypt.
             The game lasted 05:10:53 (56899 turns).

grimtooth the Slayer (Ogre Berserker)              Turns: 56899, Time: 05:10:55

Health: -2/254     AC: 16    Str: 37    XL:     22   Next: 22%
Magic:  0/22       EV: 16    Int:  8    God:    Trog [*****.]
Gold:   3933       SH: 12    Dex: 11    Spells: 21/21 levels left

rFire    . . .     SeeInvis .   d - +9 hand axe of Wyrd {venom, +Blink}
rCold    . . .     Faith    .   u - +0 kite shield
rNeg     . . .     Spirit   .   J - +0 swamp dragon scales
rPois    +         Reflect  .   (helmet restricted)
rElec    .         Harm     .   h - +2 cloak
rCorr    .         Rampage  .   (gloves unavailable)
Will     ++++.                  (boots unavailable)
Stlth    +.........             m - amulet of regeneration
HPRegen  2.52/turn              N - +4 ring of evasion
MPRegen  0.18/turn              C - +6 ring of strength

@: strong-willed, regenerating, studying Throwing
A: large, unfitting armour, tough skin 1
}: 2/15 runes: decaying, gossamer
a: Renounce Religion, Evoke Blink, Berserk, Trog's Hand, Brothers in Arms


You were on level 2 of the Crypt.
You worshipped Trog.
Trog was extremely pleased with you.
You visited 7 branches of the dungeon, and saw 37 of its levels.
You also visited: Sewer, Gauntlet, Ice Cave and Volcano.

You collected 4341 gold pieces.
You spent 408 gold pieces at shops.

Inventory:

Hand Weapons
 a - a +2 eveningstar of flaming
 b - a +1 morningstar of protection
 d - the +9 hand axe of Wyrd (weapon) {venom, +Blink}
   (You found it on level 3 of the Spider Nest)

   It poisons the flesh of those it strikes.
   +Blink:    It lets you blink.
Missiles
 e - 45 large rocks (quivered)
 g - 15 curare-tipped darts {=f=F}
 n - 20 boomerangs
 v - 14 javelins
 y - 9 throwing nets {=f}
 A - 10 atropa-tipped darts
 E - 35 poisoned darts
 W - 3 boomerangs of dispersal
Armour
 h - a +2 cloak (worn)
 u - a +0 kite shield (worn)
 F - a scarf of invisibility
 J - +0 swamp dragon scales (worn)
Jewellery
 m - an amulet of regeneration (around neck)
 C - a +6 ring of strength (right hand)
 I - the ring "Jump" {rF+ rC+ Str-5 Int+6}
   (You found it in an ice cave)

   [ring of intelligence]

   Str:       It affects your strength (-5).
   Int:       It affects your intelligence (+6).
   rF:        It protects you from fire.
   rC:        It protects you from cold.
 K - a ring of see invisible
 N - a +4 ring of evasion (left hand)
 T - a ring of resist corrosion
Wands
 c - a wand of iceblast (32)
 k - a wand of flame (30)
 l - a wand of polymorph (42)
 P - a wand of mindburst (32)
 Q - a wand of acid (1)
 U - a wand of paralysis (13)
Scrolls
 f - 4 scrolls of fear
 i - a scroll of enchant weapon
 o - 6 scrolls of magic mapping
 p - 2 scrolls of summoning
 t - 10 scrolls of teleportation
 z - 2 scrolls of holy word
 B - a scroll of silence
 D - 7 scrolls of fog
 O - a scroll of enchant armour
 R - 2 scrolls of vulnerability
Potions
 q - 6 potions of flight
 r - 10 potions of ambrosia
 w - 2 potions of magic
 x - 4 potions of might
 G - 6 potions of haste
 H - 4 potions of cancellation
 L - a potion of heal wounds
 M - 2 potions of invisibility
 S - 11 potions of curing
 X - 2 potions of resistance
 Z - a potion of berserk rage
Miscellaneous
 j - a phial of floods
 s - a condenser vane


   Skills:
 - Level 22.0 Fighting
 - Level 18.0 Maces & Flails
 + Level 20.9 Throwing
 * Level 14.3 Armour
 - Level 9.0 Dodging
 - Level 9.0 Shields
 - Level 9.0 Evocations


You had 21 spell levels left.
You didn't know any spells.
Your spell library was empty.

Dungeon Overview and Level Annotations

Branches:
Dungeon (15/15)            Temple (0/1) D:5            Lair (6/6) D:8
  Swamp (4/4) Lair:3       Spider (4/4) Lair:2        Slime (0/5) Lair:6
    Orc (2/2) D:10            Elf (0/3) Orc:2        Vaults (4/5) D:13
  Crypt (2/3) Vaults:3     Depths (0/5) D:15          Sewer (visited)
  IceCv (visited)         Volcano (visited)         Gauntlet (visited)

Altars:
Ashenzari
Cheibriados
Dithmenos
Gozag
Makhleb
Qazlal
Uskayaw
Vehumet
Wu Jian
Zin
The Shining One
Beogh

Shops:
D:6 *   Orc:2 (:[*   Vaults:2 (

Portals:
Trove: D:12 (give horn of Geryon)

Annotations:
Spider:2 2 transporters, Notic's ghost, journeyman GrEE
Vaults:1 3 runed translucent doors, grimtooth's ghost, adept KoEn
Crypt:2 Mara


Innate Abilities, Weirdness & Mutations

You are too large for most types of armour.
You have tough skin. (AC +1)


Message History

Mara hits you from afar with a +2 antimagic demon trident.
You feel your power leaking away.
Your surroundings seem slightly different.
Mara hits you from afar with a +2 antimagic demon trident!!
You block Mara's attack. Grimtooth's illusion hits you!!
* * * LOW HITPOINT WARNING * * *
Grimtooth's illusion burns you!
* * * LOW HITPOINT WARNING * * *
Enter note: - in the running for worst teleport ever
Press: ? - help, v - describe, . - travel
Here: grimtooth's illusion, wielding a weapon of flaming An open door, spattered with blood.
Okay, then.
Unknown command.
You feel much better.
Mara hits you from afar with a +2 antimagic demon trident.
* * * LOW HITPOINT WARNING * * *
Mara hits you from afar with a +2 antimagic demon trident!!
* * * LOW HITPOINT WARNING * * *
Mara barely misses you.
You block grimtooth's illusion's attack.
Enter note: - this is super-bad
Okay, then.
Okay, then.
Your +2 eveningstar of flaming stops flaming.
The +9 hand axe of Wyrd {venom, +Blink} begins to drip with poison!
d - the +9 hand axe of Wyrd (weapon)
{venom, +Blink} Mara hits you from afar with a +2 antimagic demon trident!!
* * * LOW HITPOINT WARNING * * *
Okay, then.
Enter note: - and I didn't think about the mana thing
Enter note: - son of a bitch You feel much better.
You block Mara's attack.
Mara hits you from afar with a +2 antimagic demon trident!!
* * * LOW HITPOINT WARNING * * *
You feel your power leaking away. Grimtooth's illusion hits you!!
* * * LOW HITPOINT WARNING * * *
Grimtooth's illusion burns you.
You die...

#.# #####.# ######
#.....# #....#
#....<#
#....######.....#
###....#...#####...
#..........'.......
##.....#...####....
#RR...#...# #....
#.....#...# #....
#@....#...# #....
#@############....
..R( #..........
#.(..# #.......[.#
#..(.# #.......#.#
###.## #.......#.#
#+# #########.# #.#
#.# .. #.# #.##
#######.#


You could see 3 Maras and grimtooth's illusion.

Vanquished Creatures
  Bai Suzhen (Swamp:2)
  Arachne (Spider:3)
  A shard shrike zombie (Crypt:2)
  2 tentacled monstrosities
  A lich (Vaults:3)
  A thorn hunter (Swamp:4)
  3 tengu reavers
  3 sphinxes
  Frances (D:13)
  A fire giant (Vaults:2)
  3 revenants
  2 fenstrider witches
  A frost giant (Vaults:2)
  4 ghost moths
  8 vault wardens
  A deep elf sorcerer (Vaults:3)
  10 emperor scorpions
  3 orc warlords
  Aizul (Vaults:2)
  21 ironbound preservers
  7 ghouls
  A war gargoyle (Vaults:3)
  4 stone giants
  The ghost of Lutiheq the Grappler, a journeyman DrTm of Wu Jian (Lair:4)
  4 very ugly things (Vaults:3)
  4 vampire knights
  4 entropy weavers
  3 white draconians (IceCv)
  A spark wasp (Spider:4)
  5 bunyips
  A dire elephant (Vaults:2)
  3 deep elf death magi
  5 eidola
  4 eleionomae
  4 yaktaur captains
  2 jiangshi (Crypt:2)
  A shambling mangrove (Swamp:4)
  2 great orbs of eyes (Vaults:4)
  7 ironbound thunderhulks
  Fannar (D:10)
  A great orb of eyes (shapeshifter) (Vaults:1)
  An ice dragon (Swamp:4)
  A spriggan air mage (Swamp:4)
  20 hydras
  8 alligators
  4 vault guards
  4 catoblepae
  17 centaur warriors
  An ogre mage (D:14)
  6 death yaks (Lair:6)
  5 boulder beetles
  7 ironbound frosthearts
  Erica (D:9)
  5 two-headed ogres
  3 vampire magi (Crypt:2)
  A titan zombie (Crypt:1)
  4 ironbound beastmasters
  A thrashing horror (Gauntlet)
  A tengu warrior (D:13)
  An orc high priest (Orc:2)
  A soul eater (Crypt:1)
  A spriggan berserker (Swamp:4)
  11 spriggans
  23 skeletal warriors
  5 goliath frogs
  A bunyip zombie (Crypt:1)
  3 flayed ghosts
  3 spriggan druids
  49 deep trolls
  12 swamp dragons
  11 ironbound convokers
  An orange crystal statue (IceCv)
  8 orc knights
  10 wizards
  A deep elf zephyrmancer (D:15)
  3 deep elf pyromancers
  11 orb spiders
  10 phantasmal warriors
  A sphinx zombie (Crypt:2)
  An anaconda skeleton (Volcano)
  5 necromancers
  4 oklob plants
  A bog body (Lair:3)
  5 harpies (Vaults:1)
  6 lindwurms
  6 manticores
  An eleionoma zombie (Crypt:2)
  A stone giant zombie (Crypt:1)
  A will-o-the-wisp (Swamp:3)
  5 orc sorcerers
  9 cyclopes
  29 ugly things
  A moth of wrath (Spider:4)
  A frost giant skeleton (Crypt:1)
  A human skeleton (Vaults:4)
  25 wolf spiders
  8 elephants (Lair:6)
  Joseph (D:7)
  A faun (D:8)
  An iron dragon skeleton (Crypt:2)
  6 vault sentinels
  A naga mage (D:15)
  A shock serpent zombie (Crypt:1)
  6 black mambas
  4 gargoyles (Volcano)
  2 ice statues (Swamp:2)
  3 centaur skeletons (D:15)
  3 torpor snails
  9 cane toads
  A death yak zombie (Crypt:1)
  An emperor scorpion zombie (Crypt:1)
  8 storm dragon simulacra (IceCv)
  2 unseen horrors
  A hellion (Gauntlet)
  An efreet (D:13)
  27 yaktaurs
  12 demonic crawlers
  5 rime drakes
  9 komodo dragons
  Psyche (D:9)
  A yaktaur (shapeshifter) (D:13)
  A tengu conjurer (D:15)
  4 freezing wraiths
  2 golden dragon simulacra (IceCv)
  A jumping spider (shapeshifter) (Vaults:3)
  A purple draconian skeleton (Crypt:2)
  20 jumping spiders
  A shadow dragon simulacrum (Crypt:2)
  8 trolls
  3 meliai (Lair:5)
  6 polar bears
  12 tyrant leeches
  A hornet (shapeshifter) (D:15)
  10 hornets
  Prince Ribbit (D:9)
  A queen bee (Lair:5)
  2 harpy skeletons (Volcano)
  10 blink frogs
  Grinder (D:5)
  A hydra skeleton (Crypt:2)
  An ettin zombie (Vaults:4)
  A wolf spider simulacrum (D:15)
  34 slime creatures
  3 shadows (D:10)
  65 redbacks
  2 alligator skeletons (Volcano)
  A black mamba zombie (Crypt:1)
  15 flying skulls
  An ice dragon skeleton (Crypt:1)
  27 tarantellas
  6 wraiths
  10 wyverns
  A dire elephant simulacrum (Crypt:1)
  A yak (shapeshifter) (D:8)
  69 yaks
  A water elemental (D:14)
  A wind drake zombie (Crypt:2)
  Grum (D:8)
  5 basilisks
  A black mamba skeleton (Crypt:1)
  14 vampire mosquitoes
  3 wargs
  4 acid dragons
  15 swamp worms
  A faun zombie (Crypt:2)
  2 hell hounds (Gauntlet)
  A merfolk skeleton (Crypt:2)
  3 water moccasins
  A water nymph skeleton (Crypt:1)
  31 orc warriors
  A cane toad skeleton (Crypt:2)
  An ice beast (D:6)
  A black bear (D:6)
  6 swamp drakes (Swamp:4)
  A hornet zombie (D:7)
  4 ice dragon simulacra (IceCv)
  3 necrophages
  13 wolves
  6 ogres
  4 boggarts
  3 centaurs
  A blink frog skeleton (Crypt:1)
  A phantom (D:10)
  A torpor snail zombie (Crypt:1)
  2 gnoll sergeants
  5 scorpions
  14 bullfrogs
  A glowing shapeshifter simulacrum (Vaults:4)
  4 small abominations (Gauntlet)
  A water moccasin skeleton (D:4)
  29 killer bees
  A troll zombie (D:10)
  4 lindwurm simulacra (IceCv)
  2 troll skeletons (Volcano)
  9 wights (D:8)
  A spriggan skeleton (Volcano)
  6 howler monkeys
  2 electric eels (D:14)
  5 centaur zombies
  2 hounds (D:5)
  2 gnoll shamans (D:8)
  15 orc priests
  3 jellies
  2 iguanas
  16 orc wizards
  A hell rat (Lair:3)
  5 ogre zombies (D:10)
  3 naga skeletons (Volcano)
  A hound skeleton (Crypt:1)
  2 howler monkey skeletons
  A howler monkey zombie (D:5)
  9 adders
  20 gnolls
  A shadow imp (D:6)
  3 white imps (D:6)
  2 ufetubi
  An adder skeleton (D:4)
  An iguana skeleton (Crypt:2)
  8 worms
  A dart slug (D:1)
  48 orcs
  10 endoplasms
  6 giant cockroaches
  9 hobgoblins
  15 jackals
  6 quokkas
  3 ball pythons (D:4)
  13 bats
  4 frilled lizards
  8 goblins
  A goblin skeleton (D:10)
  A goblin zombie (D:10)
  A hobgoblin skeleton (D:10)
  4 hobgoblin zombies (D:10)
  5 kobolds
  A kobold skeleton (Crypt:1)
  2 orc skeletons (D:10)
  10 orc zombies (D:10)
  2 rats
  A rat zombie (Crypt:2)
1395 creatures vanquished.

Vanquished Creatures (collateral kills)
  A minotaur (Gauntlet)
  2 white draconians (IceCv)
  Harold (Orc:1)
  A hydra (Lair:2)
  2 oklob plants (Lair:6)
  3 storm dragon simulacra (IceCv)
  A warg (Orc:1)
  A water moccasin (Lair:2)
  3 orc warriors (Orc:1)
  An orc priest (Orc:1)
  3 orc wizards (Orc:1)
  2 orcs (Orc:1)
21 creatures vanquished.

Vanquished Creatures (others)
  A draconian knight (IceCv)
  A spriggan druid (Swamp:4)
  A bloated husk (Swamp:3)
  A redback (Spider:4)
  A flying skull (Volcano)
  14 demonic plants (Gauntlet)
  8 foxfires
  44 fungi
  57 plants
128 creatures vanquished.

Grand Total: 1544 creatures vanquished

Notes
Turn   | Place    | Note
-------+----------+-------------------------------------------
     0 | D:1      | grimtooth the Ogre Berserker began the quest for the Orb.
     0 | D:1      | Reached XP level 1. HP: 24/24 MP: 1/1
   394 | D:1      | Reached XP level 2. HP: 32/32 MP: 2/2
  1159 | D:2      | Reached XP level 3. HP: 25/40 MP: 3/3
  1912 | D:2      | Reached ** piety under Trog
  1926 | D:2      | Reached XP level 4. HP: 49/49 MP: 4/4
  2030 | D:2      | Found a faded altar of an unknown god.
  2367 | D:2      | Reached skill level 5 in Fighting
  2769 | D:3      | Reached XP level 5. HP: 28/57 MP: 5/5
  3061 | D:3      | You fall into a shaft and drop 3 floors!
  3061 | D:6      | Found Zin's Purification Station.
  3061 | D:6      | Found a glowing silver altar of Zin.
  3347 | D:6      | Noticed a black bear
  3362 | D:6      | Killed a black bear
  3363 | D:6      | Reached skill level 6 in Fighting
  3363 | D:6      | Reached skill level 5 in Maces & Flails
  3363 | D:6      | Reached XP level 6. HP: 67/67 MP: 6/6
  3413 | D:5      | Entered Level 5 of the Dungeon
  3590 | D:4      | Found a glowing drain.
  3634 | Sewer    | Entered a sewer
  4667 | D:3      | Reached XP level 7. HP: 76/76 MP: 7/7
  5208 | D:3      | Reached *** piety under Trog
  5803 | D:4      | Found a broken altar of Ashenzari.
  5834 | D:5      | Noticed a yak
  5834 | D:5      | Noticed a yak
  5834 | D:5      | Noticed a yak
  5834 | D:5      | Noticed a yak
  5834 | D:5      | Noticed a yak
  5834 | D:5      | Noticed a yak
  5869 | D:4      | Killed a yak
  5870 | D:4      | Reached skill level 7 in Fighting
  6361 | D:5      | Noticed Grinder
  6379 | D:5      | Killed Grinder
  6380 | D:5      | Reached XP level 8. HP: 88/88 MP: 8/8
  6432 | D:5      | Reached skill level 8 in Fighting
  6546 | D:5      | Found a staircase to the Ecumenical Temple.
  6649 | D:5      | Noticed a yak
  6649 | D:5      | Noticed a yak
  6649 | D:5      | Noticed a yak
  6649 | D:5      | Noticed a yak
  6720 | D:4      | Killed a yak
  7176 | D:6      | Found an ornate altar of the Wu Jian Council.
  7343 | D:6      | Noticed Sigmund
  7343 | D:6      | Noticed a wraith
  7349 | D:6      | Noticed Sigmund
  7349 | D:6      | Sigmund changed into Sigmund the goblin
  7364 | D:6      | Killed a wraith
  7365 | D:6      | Reached skill level 9 in Fighting
  7368 | D:6      | Killed Sigmund the goblin
  7486 | D:5      | Reached XP level 9. HP: 92/98 MP: 9/9
  7871 | D:6      | Found a snail-covered altar of Cheibriados.
  7924 | D:7      | Noticed Joseph
  7986 | D:7      | Killed Joseph
  8070 | D:7      | Identified a scroll of acquirement
  8103 | D:7      | Reached skill level 10 in Fighting
  8115 | D:7      | Acquired a manual of Maces & Flails
  8626 | D:8      | Reached skill level 5 in Throwing
  8667 | D:8      | Noticed a harpy
  8670 | D:8      | Noticed Grum
  8671 | D:8      | Noticed a queen bee
  8671 | D:8      | a harpy changed into a queen bee
  8672 | D:8      | Noticed Pikel
  8673 | D:8      | - figgin alarms
  8800 | D:8      | Found a shadowy altar of Dithmenos.
  8884 | D:8      | Noticed Pikel
  8884 | D:8      | Pikel changed into Pikel the faun
  8899 | D:8      | Killed Pikel the faun
  8900 | D:8      | Reached skill level 11 in Fighting
  8900 | D:8      | Reached XP level 10. HP: 94/113 MP: 10/10
  9080 | D:8      | Identified the +1 chain mail of Bithieru {Int+2}
  9267 | D:8      | Found a radiant altar of Vehumet.
  9380 | D:8      | Reached **** piety under Trog
  9392 | D:8      | Killed Grum
  9398 | D:8      | Reached skill level 12 in Fighting
  9955 | D:8      | Found a staircase to the Lair.
 10134 | D:9      | Noticed Psyche
 10145 | D:9      | Killed Psyche
 10146 | D:9      | Reached skill level 13 in Fighting
 10146 | D:9      | Reached XP level 11. HP: 117/127 MP: 11/11
 10200 | D:9      | Noticed Prince Ribbit
 10206 | D:9      | Killed Prince Ribbit
 10408 | D:9      | Noticed Erica
 10440 | D:9      | Killed Erica
 10573 | D:9      | Reached skill level 5 in Dodging
 10988 | D:9      | Noticed a two-headed ogre
 11001 | D:9      | Killed a two-headed ogre
 11566 | D:5      | Reached skill level 14 in Fighting
 11730 | D:10     | Entered Level 10 of the Dungeon
 11730 | D:10     | Noticed a two-headed ogre
 12160 | D:10     | Found a staircase to the Orcish Mines.
 12187 | D:10     | Reached ***** piety under Trog
 12678 | D:10     | Killed a two-headed ogre
 12683 | D:10     | Noticed Fannar
 13042 | D:10     | Found a hide-covered altar of Uskayaw.
 13042 | D:10     | Found an opulent altar of Gozag.
 13312 | Lair:1   | Entered Level 1 of the Lair of Beasts
 13597 | Lair:1   | Noticed a six-headed hydra
 13632 | Lair:1   | Killed a six-headed hydra
 13633 | Lair:1   | Reached XP level 12. HP: 29/140 MP: 12/12
 14696 | Lair:2   | Found a burning altar of Makhleb.
 14754 | Lair:2   | Noticed a seven-headed hydra
 14935 | Lair:2   | Reached skill level 15 in Fighting
 14970 | Lair:2   | Noticed a four-headed hydra
 14991 | Lair:2   | Killed a four-headed hydra
 15003 | Lair:2   | Found a dark tunnel.
 15013 | Volcano  | Entered a volcano
 15236 | Volcano  | Reached skill level 1 in Evocations
 15369 | Volcano  | Reached skill level 10 in Maces & Flails
 16094 | Lair:2   | Killed a seven-headed hydra
 16204 | Lair:2   | Found a hole to the Spider Nest.
 16578 | Lair:3   | Reached skill level 16 in Fighting
 16676 | Lair:3   | Reached XP level 13. HP: 54/152 MP: 13/13
 17016 | Lair:3   | Found a staircase to the Swamp.
 18016 | Lair:4   | Found a runed translucent door.
 18017 | Lair:4   | Noticed Lutiheq's ghost (journeyman DrTm)
 18019 | Lair:4   | Identified the +3 trident of Crystal {vorpal, rPois Str-4
                  | SInv}
 18126 | Lair:4   | Found a gate leading to a gauntlet.
 18132 | Gauntlet | Entered a Gauntlet
 18132 | Gauntlet | Found a transporter.
 18132 | Gauntlet | Found a transporter.
 18132 | Gauntlet | Found a transporter.
 18133 | Gauntlet | Found a transporter.
 18143 | Gauntlet | Found a transporter.
 18162 | Gauntlet | Found a transporter.
 18178 | Gauntlet | Found a transporter.
 18196 | Gauntlet | Found a transporter.
 18207 | Gauntlet | Found a transporter.
 18216 | Gauntlet | Found a transporter.
 18262 | Gauntlet | Found a transporter.
 18278 | Gauntlet | Found a transporter.
 18366 | Gauntlet | Identified the +2 pair of gloves "Ziol" {rC+ SInv}
 18394 | Gauntlet | Received a gift from Trog
 18486 | Gauntlet | Noticed a minotaur
 18492 | Gauntlet | Killed a minotaur
 19721 | Lair:5   | Reached skill level 5 in Evocations
 20690 | Lair:5   | Reached skill level 17 in Fighting
 20828 | Lair:6   | Entered Level 6 of the Lair of Beasts
 21021 | Lair:6   | Reached XP level 14. HP: 107/166 MP: 14/14
 21325 | Lair:6   | Found a staircase to the Slime Pits.
 21622 | Lair:6   | Received a gift from Trog
 22079 | Lair:6   | Reached skill level 15 in Maces & Flails
 22774 | Lair:6   | Reached skill level 18 in Fighting
 23475 | Orc:1    | Entered Level 1 of the Orcish Mines
 23476 | Orc:1    | Noticed an orc warlord
 23487 | Orc:1    | Killed an orc warlord
 23675 | Orc:1    | You fall into a shaft and drop 1 floor!
 23675 | Orc:2    | Entered Level 2 of the Orcish Mines
 23681 | Orc:1    | Noticed Harold
 23694 | Orc:1    | Killed Harold
 23816 | Orc:2    | Received a gift from Trog
 23882 | Orc:1    | Noticed Urug
 23890 | Orc:1    | Noticed Urug
 23890 | Orc:1    | Urug changed into Urug the polar bear
 23898 | Orc:1    | Killed Urug the polar bear
 24878 | Orc:2    | Reached XP level 15. HP: 162/179 MP: 15/15
 25093 | Orc:2    | Found Zacaepsil's Book Shop.
 25093 | Orc:2    | Noticed an orc warlord
 25127 | Orc:2    | Killed an orc warlord
 25175 | Orc:2    | Found Dololod's General Store.
 25200 | Orc:2    | Found Loodwotz's Antique Weapon Shop.
 25367 | Orc:2    | Found Atwig's Antique Armour Shop.
 25507 | Orc:2    | Found a staircase to the Elven Halls.
 26208 | Orc:2    | Bought a potion of might for 72 gold pieces
 26208 | Orc:2    | Bought a potion of heal wounds for 90 gold pieces
 26208 | Orc:2    | Bought 8 datura-tipped darts for 57 gold pieces
 26208 | Orc:2    | Bought a scroll of enchant armour for 135 gold pieces
 26208 | Orc:2    | Bought a potion of curing for 54 gold pieces
 26657 | D:11     | Reached skill level 19 in Fighting
 26824 | D:11     | Reached skill level 1 in Shields
 26871 | D:11     | Reached skill level 10 in Throwing
 27112 | D:11     | Received a gift from Trog
 28180 | D:12     | Found a portal to a secret trove of treasure.
 28181 | D:12     | - nice halberd!
 28988 | D:13     | Found a glowing golden altar of the Shining One.
 29106 | D:13     | Noticed Frances
 29125 | D:13     | Killed Frances
 29300 | D:13     | Identified the +9 dagger "Viaskuwo" {elec, Int+6}
 29485 | D:13     | Found a gate to the Vaults.
 29875 | D:10     | Reached skill level 5 in Shields
 30080 | Swamp:1  | Entered Level 1 of the Swamp
 30488 | Swamp:1  | Paralysed by a hornet for 3 turns
 30551 | Swamp:1  | Noticed a tentacled monstrosity
 30559 | Swamp:1  | Killed a tentacled monstrosity
 30710 | Swamp:1  | Received a gift from Trog
 30941 | Swamp:2  | Noticed a fenstrider witch
 31069 | Swamp:2  | Found a frozen archway.
 31092 | Swamp:2  | Reached XP level 16. HP: 113/192 MP: 16/16
 31136 | IceCv    | Entered an ice cave
 32123 | IceCv    | Reached skill level 20 in Fighting
 32470 | IceCv    | Identified the ring of Vehumet's Approval {rF- Str+7 Int+6
                  | Dex-3 Stlth+}
 32472 | IceCv    | Identified the ring "Jump" {rF+ rC+ Str-5 Int+6}
 33282 | Swamp:2  | Killed a fenstrider witch
 33861 | Swamp:3  | Noticed Bai Suzhen
 33878 | Swamp:3  | Noticed a tentacled monstrosity
 33889 | Swamp:3  | Killed a tentacled monstrosity
 34281 | Spider:1 | Entered Level 1 of the Spider Nest
 34631 | Spider:1 | Received a gift from Trog
 35243 | Spider:1 | Reached XP level 17. HP: 182/201 MP: 17/17
 35894 | Spider:2 | Found a transporter.
 35896 | Spider:2 | Noticed Notic's ghost (journeyman GrEE)
 35919 | Spider:2 | Found a transporter.
 36273 | Spider:3 | Noticed Arachne
 37337 | Spider:3 | Killed Arachne
 37672 | Spider:4 | Entered Level 4 of the Spider Nest
 38140 | Spider:4 | Received a gift from Trog
 39901 | Spider:4 | Reached XP level 18. HP: 184/210 MP: 0/18
 40052 | Spider:4 | Got a gossamer rune of Zot
 40227 | Spider:3 | Identified the +9 hand axe of Wyrd {venom, +Blink}
 40775 | Swamp:2  | Killed Bai Suzhen
 41068 | Swamp:3  | Reached skill level 1 in Armour
 41388 | Swamp:4  | Entered Level 4 of the Swamp
 41525 | Swamp:4  | Received a gift from Trog
 42168 | Swamp:4  | Reached skill level 5 in Armour
 42449 | Swamp:4  | Got a decaying rune of Zot
 43082 | D:10     | Found a staircase to the Orcish Mines.
 43168 | D:10     | Killed Fannar
 43423 | Lair:4   | Killed Lutiheq's ghost
 44169 | D:14     | Received a gift from Trog
 44468 | D:14     | Reached skill level 15 in Throwing
 44807 | D:15     | Entered Level 15 of the Dungeon
 44829 | D:15     | Reached XP level 19. HP: 219/219 MP: 19/19
 44944 | D:15     | Found a stormy altar of Qazlal.
 45900 | D:15     | Found a staircase to the Depths.
 46200 | D:13     | Acquired a manual of Throwing
 46204 | Vaults:1 | Entered Level 1 of the Vaults
 46214 | Vaults:1 | Identified the +12 flail of Gallantry {flame, rF+ Dex+3}
                  | (Trog gifted it to you on level 1 of the Vaults)
 46214 | Vaults:1 | Received a gift from Trog
 47095 | Vaults:1 | Reached skill level 10 in Armour
 47488 | Vaults:1 | Found a runed translucent gate.
 47489 | Vaults:1 | Found a runed translucent gate.
 47489 | Vaults:1 | Found a runed translucent gate.
 47489 | Vaults:1 | Noticed grimtooth's ghost (adept KoEn)
 47719 | Vaults:2 | Noticed Aizul
 48147 | Vaults:2 | Received a gift from Trog
 48359 | Vaults:2 | Killed Aizul
 48532 | Vaults:2 | Reached XP level 20. HP: 228/228 MP: 20/20
 49347 | Vaults:2 | Received a gift from Trog
 49848 | Vaults:2 | Found Epieheus's Weapon Boutique.
 50594 | Vaults:3 | Found a staircase to the Crypt.
 50671 | Vaults:3 | Reached ****** piety under Trog
 50677 | Vaults:3 | Reached skill level 21 in Fighting
 50881 | Vaults:3 | Received a gift from Trog
 51509 | Vaults:3 | Reached XP level 21. HP: 233/243 MP: 21/21
 52430 | Vaults:4 | Reached skill level 22 in Fighting
 52604 | Vaults:4 | Received a gift from Trog
 53924 | Crypt:1  | Entered Level 1 of the Crypt
 54026 | Crypt:1  | Received a gift from Trog
 55992 | Crypt:2  | Received a gift from Trog
 56071 | Crypt:2  | Reached XP level 22. HP: 241/250 MP: 22/22
 56885 | Crypt:2  | Noticed Mara
 56894 | Crypt:2  | Noticed grimtooth's illusion
 56897 | Crypt:2  | - in the running for worst teleport ever
 56898 | Crypt:2  | - this is super-bad
 56899 | Crypt:2  | - and I didn't think about the mana thing
 56899 | Crypt:2  | - son of a bitch
 56899 | Crypt:2  | HP: 1/254 [grimtooth's illusion (illusionary)[Mara] (18)]
 56899 | Crypt:2  | Slain by grimtooth's illusion (illusionary)

Illustrated notes # ##......†....# .### #............# ... #.#..........# #.##.##........## #..#.###......## #...# ######## ##h.# ####.y## #....h.# #.####h######## #. #..@5y(o.##### .. #####.K.(..... . #......... ........... ..y#...y..... o....#......?.. o... .######### ... . ... ## Turn 8673 on D:8: - figgin alarms

..........# #........
#.###.#####
#####.###.###.####
#.###.##...
##...##........#
#........##
#....[#####.##.#
#.##..##.# ##...##
#.##.# #.##..##.#
##.##
#.##.###.##.##..##.#
#.#
#........##........#
#.#
#.##.###.######.####
#+# #.##.# #.# #.##)#
#.# #@# #.###
#...(....# #...##
##..)##########....##
.....( ...........
.##..(# ###.......# #
#.... #.........
.$... ##......)#
.∩.... ##.....##
##...## ##.## #.#


Turn 28181 on D:12: - nice halberd! #.# #####.# ###### #.....# #....# #....<#
#....######.....# ###....#...#####... #..........'....... ##.....#...####....
#RR...#...# #.... #..§..#...# #.... #@....#...# #.... #@############.... ..R(
#.......... #.(..# #.......[.# #..(.# #.......#.# ###.## #.......#.# #+#
#########.# #.# #.# .. #.# #.## #######.# Turn 56897 on Crypt:2: - in the
running for worst teleport ever #.# #####.# ###### #.....# #....# #....<#
#....######.....# ###....#...#####... #..........'....... ##.....#...####....
#RR...#...# #.... #.....#...# #.... #@....#...# #.... #@############.... ..R(
#.......... #.(..# #.......[.# #..(.# #.......#.# ###.## #.......#.# #+#
#########.# #.# #.# .. #.# #.## #######.# Turn 56898 on Crypt:2: - this is
super-bad #.# #####.# ###### #.....# #....# #....<# #....######.....#
###....#...#####... #..........'....... ##.....#...####.... #RR...#...# #....
#.....#...# #.... #@....#...# #.... #@############.... ..R( #.......... #.(..#
#.......[.# #..(.# #.......#.# ###.## #.......#.# #+# #########.# #.# #.# .. #.#
#.## #######.# Turn 56899 on Crypt:2: - and I didn't think about the mana thing

Levels and vault maps discovered:
D:1:      lightli_iron_boxes, layout_basic
D:2:      layout_loops_corners, hellmonk_ecumenical_altar_inner_sanctum
D:3:      layout_basic, hex_intersection
D:4:      layout_basic, ashenzari_altar_1, cheibrodos_sewer_entry_drain,
          lemuel_another_geyser
D:5:      layout_loops_ring, minmay_temple_entry_sparse_star,
          minmay_misc_feat_tiny, uniq_grinder
D:6:      layout_basic, slow_altar_2, zin_purify, nzn_wu_jian_council_hall,
          uniq_sigmund
D:7:      layout_rooms, lemuel_flamethrower_2, uniq_joseph
D:8:      layout_rooms, mainiacjoe_overflow_surrounded_room,
          grunt_dithmenos_smoke_and_mirrors, erik_lair_dragon,
          grunt_ministairs_1, uniq_grum, uniq_pikel
D:9:      layout_loops_ring, serial_rivers, chequers_serial_rivers_small_3,
          chequers_serial_rivers_micro_a, chequers_serial_rivers_small_b,
          chequers_serial_rivers_micro_a, chequers_serial_rivers_micro_c,
          uniq_erica, uniq_psyche, uniq_prince_ribbit1
D:10:     layout_irregular_city, gammafunk_temple_overflow_statue,
          zombieorc1_lemuel, uniq_fannar
D:11:     layout_irregular_city
D:12:     layout_loops_corners, nicolae_trove_entry_free_sample
D:13:     layout_loops_ring, david_vaults_5, dk_noncrumbling_3,
          corexii_corridor_pit, nicolae_tso_swordbearing_angel, uniq_frances
D:14:     layout_basic, serial_bayou, serial_bayou_pond_d, serial_bayou_shore_a,
          serial_bayou_lagoon_a, serial_bayou_pond_d, serial_bayou_shore_b,
          serial_bayou_pond_e, minmay_joined_circles
D:15:     grunt_enter_depths_magical_seal, layout_loops_ring,
          nicolae_qazlal_scattered_showers, corexii_corridor_pit
Lair:1:   layout_concentric_octagons
Lair:2:   layout_loops_ring, nicolae_spider_entry_non_spiders, enter_volcano_2,
          bh_autumn_forest_stairs, lemuel_oklob_altar
Lair:3:   layout_hall_layers, skrybe_swamp_entry_bodies,
          minmay_stone_trees_medium, nzn_random_ring
Lair:4:   layout_gridlike, gauntlet_entry_generic, ebering_ghost_funeral_grove
Lair:5:   layout_cave_pods, special_room [special_room_bee],
          lemuel_fruit_fields, grunt_megastairs_2
Lair:6:   evilmike_catoblepas_cave, layout_gridlike, minmay_slime_entry_pillars,
          lemuel_fruit_tree, infiniplex_staircase_pool_2,
          minmay_lair_oklob_chamber
Swamp:1:  layout_basic_swamp, nicolae_swamp_bean_lake
Swamp:2:  nicolae_swamp_ascending_descending, layout_basic_swamp,
          portal_ice_cave_entry_ice_statue_two, evilmike_swamp_ruin_rubble_1
Swamp:3:  layout_falls_marsh, hangedman_swamp_lotus, uniq_bai_suzhen
Swamp:4:  swamp_alternative, layout_basic_swamp, swamp_pool4
Spider:1: layout_spider_delve, nicolae_spider_scorpion_nest
Spider:2: layout_spider_delve, gammafunk_ghost_berserking_beasts
Spider:3: layout_spider_delve, nicolae_spider_cling_halls, uniq_arachne
Spider:4: grunt_spider_rune_island
Orc:1:    layout_diamond_mine, uniq_harold, uniq_urug
Orc:2:    grunt_orc_cross, layout_diamond_mine
Vaults:1: biasface_vaults_ghost_orc_armoury, nicolae_vaults_three_branches,
          grunt_vaults_hallway_short, vaults_dpeg_spiral, ontoclasm_vaults_chip,
          vaults_room_semicircle, hangedman_vaults_cutoff,
          nicolae_vaults_ring_of_whatevers, hangedman_vaults_capsules,
          ontoclasm_vaults_shuriken, layout_vaults_ring
Vaults:2: st_eye, hangedman_vaults_cutoff, nicolae_vaults_ring_of_whatevers,
          hangedman_vaults_slither, v_misc_25, ontoclasm_vaults_chip,
          vaults_room_corners, dpeg_vaults_monster_box,
          nicolae_vaults_windows_and_doors_thing, v_misc_17,
          ontoclasm_vaults_ligature, layout_vaults_omnicross, uniq_aizul
Vaults:3: hangedman_vaults_nails, v_misc_13, vaults_dpeg_ring,
          minmay_crypt_entry_nasty_monster, st_lattice, layout_vaults_omnigrid
Vaults:4: nicolae_vaults_rhombus_7, vaults_standard_mumra_lines,
          grunt_vaults_funnel, grunt_vaults_diagonal, nicolae_vaults_rhombus_6,
          nicolae_vaults_big_angled_halls, vaults_room_door_hall,
          vaults_room_door_hall, nicolae_vaults_theta,
          nicolae_vaults_ninety_degrees,
          vaults_standard_mumra_enter_the_diamond, layout_vaults_omnibox
Crypt:1:  layout_misc_corridors
Crypt:2:  evilmike_wizard_prison, layout_basic, uniq_mara

Skill      XL: |  1  2  3  4  5  6  7  8  9 10 11 12 13 14 15 16 17 18 19 20 21 22 |
---------------+-------------------------------------------------------------------+-----
Maces & Flails | 3 4 5 7 8 9 11 14 15 16 17 18 | 18.0
Fighting       | 5 6 7 9 11 13 14 16 17 18 19 20 21 22 | 22.0
Throwing       | 6 9 10 11 12 15 16 18 20 | 20.9
Dodging        | 3 8 9 |  9.0
Evocations     | 3 5 8 9 |  9.0
Shields        | 6 9 |  9.0
Armour         | 7 11 12 13 14 | 14.3

Action                   |  1- 3 |  4- 6 |  7- 9 | 10-12 | 13-15 | 16-18 | 19-21 | 22-24 || total
-------------------------+-------+-------+-------+-------+-------+-------+-------+-------++-------
Melee: Mace              |    97 |   193 |   343 |     1 |       |       |       |       ||   634
       Whip              |       |       |       |   535 |   349 |       |       |       ||   884
       Morningstar       |       |       |       |    86 |   934 |  1182 |  1437 |       ||  3639
       Eveningstar       |       |       |       |       |       |     7 |    29 |    82 ||   118
Throw: Stone             |    40 |    68 |    59 |   102 |   288 |       |       |       ||   557
       Javelin           |       |       |    15 |    13 |    49 |   102 |   100 |    12 ||   291
       Dart              |       |       |    39 |    93 |    59 |   176 |     8 |       ||   375
       Boomerang         |       |       |       |    24 |   101 |   167 |   172 |     6 ||   470
       Large rock        |       |       |       |       |     3 |    63 |    77 |    10 ||   153
Invok: Berserk           |       |     2 |     4 |     3 |     2 |     1 |       |       ||    12
       Trog's Hand       |       |       |     7 |     4 |     3 |     4 |    19 |     2 ||    39
       Brothers in Arms  |       |       |       |     4 |     3 |     6 |       |       ||    13
Evoke: Wand              |       |     1 |     6 |     8 |    13 |    79 |    12 |       ||   119
       Condenser vane    |       |       |       |       |       |     1 |     3 |       ||     4
  Use: Potion            |       |     1 |     5 |       |     1 |     4 |     5 |     2 ||    18
       Scroll            |       |       |    21 |     4 |     6 |     6 |     7 |     1 ||    45
 Stab: Invisible         |       |       |       |       |     2 |       |       |       ||     2
       Distracted        |       |       |       |       |     1 |     1 |       |       ||     2
       Paralysed         |       |       |       |       |       |     2 |       |       ||     2
Armor: Animal skin       |    38 |    86 |    87 |     6 |       |       |       |       ||   217
       Robe              |       |       |       |    92 |   294 |    15 |       |       ||   401
       Acid dragon scale |       |       |       |       |       |   414 |       |       ||   414
       Swamp dragon scal |       |       |       |       |       |    28 |   529 |    14 ||   571
Dodge: Dodged            |    69 |   168 |   176 |   231 |   716 |   682 |   684 |    30 ||  2756
Block: Kite shield       |       |       |       |       |    49 |   650 |   789 |    33 ||  1521
